 Dungeon Sprint DCSS version 0.17-a0-1719-g1afd5a1 (webtiles) character file.

1600000 ztt the Portalist (level 15, -27/146 HPs)
             Began as a Ghoul Warper on Aug 27, 2015.
             Was a Believer of Makhleb.
             Annihilated by a meat berserker
             ... wielding a +9 battleaxe
              (54 damage)
             ... in the Dungeon (Sprint VIII: "Arena of Blood").
             The game lasted 00:00:30 (16 turns).

ztt the Portalist (Ghoul Warper)                      Turns: 16, Time: 00:00:30

Health: -27/146    AC:  3    Str: 19    XL:     15   Next: 64%
Magic:  5/33       EV: 17    Int: 10    God:    Makhleb [**....]
Gold:   0          SH:  0    Dex:  9    Spells: 1 memorised, 43 levels left

rFire  . . .     SeeInvis .     l - +∞ Axe of Woe
rCold  + . .     Clarity  .     b - +0 leather armour
rNeg   + + +     SustAt   .     (no shield)
rPois  ∞         Gourm    .     (no helmet)
rElec  .         Spirit   .     (no cloak)
rCorr  .         Warding  .     (no gloves)
rMut   .         NoTele   +     (no boots)
MR     +....                    (no amulet)
Stlth  +.........               (no ring)
                                (no ring)

@: rotting, somewhat resistant to hostile enchantments, very unstealthy
A: rotting body, claws 1, carnivore 3, cold resistance 1, negative energy
resistance 3, slow healing 1, torment resistance, unbreathing
a: Minor Destruction, Renounce Religion


You were in the Dungeon.
You worshipped Makhleb.
Makhleb was pleased with you.
You were not hungry.

You visited 1 branch

Inventory:

Hand weapons
 a - a +0 hand axe
 l - the +∞ Axe of Woe (weapon)
   (You found it in the Dungeon)
Missiles
 e - 5 tomahawks of dispersal (quivered)
Armour
 b - a +0 leather armour (worn)
Scrolls
 d - 2 scrolls of blinking
Potions
 g - a potion of curing
 h - a potion of heal wounds
 i - a potion of haste
 j - 2 potions of magic
 k - a potion of berserk rage
Books
 c - a book of Spatial Translocations

   Spells                             Type                      Level
   a - Apportation                    Translocation                1
   b - Blink                          Translocation                2
   c - Shroud of Golubria             Charms/Translocation         2
   d - Portal Projectile              Translocation                3
   e - Teleport Other                 Translocation                3
   f - Passage of Golubria            Translocation                4
Comestibles
 f - a meat ration


   Skills:
 + Level 16.9 Fighting
 + Level 14.9 Axes
 + Level 4.5 Throwing
 + Level 4.2 Armour
 + Level 13.9 Dodging
 + Level 15.1 Spellcasting
 + Level 25.4 Translocations


You had 43 spell levels left.
You knew the following spells:

 Your Spells              Type           Power        Failure   Level  Hunger
a - Apportation           Tloc           ######....   0%          1    None


Dungeon Overview and Level Annotations

Branches:
Dungeon (1/1)

Altars:
Makhleb


Innate Abilities, Weirdness & Mutations

Your body is rotting away.
You thrive on raw meat.
You are immune to poison.
You have sharp fingernails.
You are carnivorous and can eat meat at any time.
Your flesh is cold resistant.
You are immune to negative energy.
You heal slowly when monsters are visible.
You are immune to unholy pain and torment.
You can survive without breathing.


Message History

2 orcs come into view.
The bag of meat shouts! x2
You hear a shout!
The meat berserker rages.
You hear a shout! x7
The meat berserker appears out of thin air!
A meat berserker comes into view. It is wielding a +9 battleaxe.
You hear a shout!
A meat berserker comes into view. It is wielding a +9 battleaxe.
Things that are here:
a +9 war axe; a +30 ring of slaying You hear a shout! x9 2 orcs and an ogre come into view.
The bag of meat shouts! x2
The meat berserker shouts!
You hear a shout!
You hear a shout!
You hear a shout! x2
The meat berserker moves out of view.
You hear a shout! x3
The meat berserker hits you with a +9 battleaxe!!!
You die...

o............oO
.o.............
..............o
.............
O...........
#.......#
#.....O.# ..
.###....@.O###...
......###...o....
...o.._.)O......
...#.....#......
. #_.<.O#.o....
....#....o#.o....
......)_.........
......###........
.###.. ...###...


You could see 6 meat berserkers and 8 bags of meat.

Vanquished Creatures
  2 ogres (D)
  2 orcs (D)
4 creatures vanquished.

Notes
Turn   | Place    | Note
--------------------------------------------------------------
     0 | D        | ztt the Ghoul Warper began the quest for the Orb.
     0 | D        | Reached XP level 1. HP: 17/17 MP: 2/2
     3 | D        | Noticed a meat berserker
     4 | D        | Became a worshipper of Makhleb the Destroyer
     5 | D        | Noticed a meat berserker
     5 | D        | Killed a meat berserker
     5 | D        | Reached skill level 13 in Fighting
     5 | D        | Reached skill level 20 in Translocations
     5 | D        | Reached XP level 2. HP: 20/44 MP: 2/14
     5 | D        | Reached XP level 3. HP: 22/50 MP: 2/15
     5 | D        | Reached XP level 4. HP: 25/58 MP: 2/17
     5 | D        | Reached XP level 5. HP: 27/64 MP: 2/18
     5 | D        | Reached XP level 6. HP: 30/72 MP: 2/20
     5 | D        | Reached XP level 7. HP: 32/79 MP: 2/21
     5 | D        | Reached XP level 8. HP: 34/86 MP: 2/23
     5 | D        | Reached XP level 9. HP: 36/93 MP: 2/24
     5 | D        | Reached XP level 10. HP: 39/101 MP: 2/25
     5 | D        | Reached XP level 11. HP: 41/107 MP: 2/26
     5 | D        | Reached XP level 12. HP: 44/115 MP: 2/27
     5 | D        | Reached XP level 13. HP: 46/122 MP: 2/28
     6 | D        | Noticed a meat berserker
     7 | D        | Noticed a bag of meat
     7 | D        | Noticed a bag of meat
     7 | D        | Noticed a bag of meat
     7 | D        | Noticed a bag of meat
     8 | D        | Noticed a bag of meat
     9 | D        | Noticed a bag of meat
    10 | D        | Killed a meat berserker
    10 | D        | Acquired Makhleb's first power
    10 | D        | Reached skill level 15 in Fighting
    10 | D        | Reached skill level 23 in Translocations
    10 | D        | Reached XP level 14. HP: 49/135 MP: 3/30
    12 | D        | Killed a bag of meat
    12 | D        | Reached skill level 24 in Translocations
    12 | D        | Reached XP level 15. HP: 26/144 MP: 3/32
    13 | D        | Noticed a meat berserker
    13 | D        | Noticed a meat berserker
    13 | D        | Killed a bag of meat
    13 | D        | Acquired Makhleb's second power
    13 | D        | Reached skill level 15 in Spellcasting
    13 | D        | Reached skill level 25 in Translocations
    14 | D        | Noticed a bag of meat
    14 | D        | Noticed a bag of meat
    15 | D        | Noticed a meat berserker
    15 | D        | Noticed a meat berserker
    16 | D        | Noticed a bag of meat
    16 | D        | Noticed a bag of meat
    16 | D        | Noticed a meat berserker
    16 | D        | Annihilated by a meat berserker

Vault maps used:
D:        meatsprint

Action                   |  1- 3 |  4- 6 |  7- 9 | 10-12 | 13-15 || total
-------------------------+-------+-------+-------+-------+-------++-------
Melee: Executioner's axe |     1 |       |       |       |     3 ||     4
